 Dungeon Crawl Stone Soup version 0.29-a0-559-g359e09b9d1 (webtiles) character file.

Game seed: 14231152340575033543

84 Ijustatesigmund the Ogre Mage (level 4, -2/45 HPs)
             Began as an Ogre Hedge Wizard on June 9, 2022.
             Slain by a hound (5 damage)
             ... on level 4 of the Dungeon.
             The game lasted 00:04:58 (3832 turns).

Ijustatesigmund the Ogre Mage (Ogre Hedge Wizard)   Turns: 3832, Time: 00:04:59

Health: -2/45      AC:  3    Str: 14    XL:     4   Next: 45%
Magic:  9/9        EV:  9    Int: 17    God:
Gold:   105        SH:  0    Dex:  8    Spells: 7/10 levels left

rFire   + . .      SeeInvis .   a - +0 morningstar
rCold   + . .      Faith    .   (no shield)
rNeg    . . .      Spirit   .   b - +0 robe
rPois   +          Reflect  .   c - +0 hat
rElec   +          Harm     .   (no cloak)
rCorr   +          Rampage  .   (gloves unavailable)
Will    .....                   (boots unavailable)
Stlth   +.........              (no amulet)
HPRegen 0.15/turn               (no ring)
MPRegen 0.11/turn               (no ring)

@: about to teleport, resistant
A: large, unfitting armour, tough skin 1
a: no special abilities


You were on level 4 of the Dungeon.
You visited 1 branch of the dungeon, and saw 4 of its levels.

You collected 105 gold pieces.

Inventory:

Hand Weapons
 a - a +0 morningstar (weapon)
Armour
 b - a +0 robe (worn)
 c - a +0 hat (worn)
Scrolls
 e - a scroll of identify
 i - a scroll of poison {unknown}
 k - a scroll of amnesia {unknown}
Potions
 d - a potion of magic
 f - 2 potions of attraction
 h - a potion of ambrosia {unknown}
 l - a potion of curing {unknown}


   Skills:
 + Level 3.5 Fighting
 - Level 0.9 Maces & Flails
 - Level 1.7 Dodging
 - Level 1.4 Stealth
 - Level 3.6 Spellcasting
 - Level 2.1 Conjurations
 - Level 0.8 Summonings
 - Level 1.3 Translocations


You had 7 spell levels left.
You knew the following spells:

 Your Spells              Type           Power      Damage    Failure   Level
a - Magic Dart            Conj           40%        1d5       7%          1
b - Blink                 Tloc           14%        N/A       14%         2

Your spell library contained the following spells:

 Spells                   Type           Power      Damage    Failure   Level
 Apportation              Tloc           14%        N/A       10%         1
 Summon Small Mammal      Summ           24%        N/A       12%         1
 Necrotize                Necr           12%        1d4       17%         1
 Slow                     Hex            12%        N/A       17%         1
 Call Imp                 Summ           6%         N/A       17%         2
 Conjure Flame            Conj/Fire      6%         6-21      32%         3
 Mephitic Cloud           Conj/Pois/Air  5%         N/A       36%         3
 Confusing Touch          Hex            3%         N/A       45%         3
 Vampiric Draining        Necr           3%         2d6       45%         3


Dungeon Overview and Level Annotations

Branches:
Dungeon (4/15)
 Temple: D:4-7

Altars:

Shops:
D:2 :


Innate Abilities, Weirdness & Mutations

You are too large for most types of armour.
You have tough skin. (AC +1)


Message History

The endoplasm attacks as you move away! The endoplasm barely misses you.
Found a stone staircase leading down.
The endoplasm attacks as you move away! The endoplasm closely misses you.
You barely miss the endoplasm.
The endoplasm is heavily wounded.
The endoplasm hits you.
You hit the endoplasm.
You kill the endoplasm!
The gnoll barely misses you.
The gnoll hits you from afar with a +0 spear.
A frilled lizard comes into view.
Found a stone staircase leading up.
The gnoll attacks as you move away! The gnoll hits you with a +0 whip!
A bat comes into view.
The frilled lizard hisses angrily.
The frilled lizard unfolds its giant frill.
The gnoll attacks as you move away! The gnoll hits you with a +0 whip.
There is a stone staircase leading down here.
The gnoll hits you with a +0 whip!
The gnoll hits you from afar with a +0 spear.
You climb downwards.
The hound barks!
Found 2 boomerangs.
Found a stone staircase leading down.
There is a stone staircase leading up here.
You closely miss the gnoll. The gnoll hits you with a +0 whip.
A dart slug comes into view.
As you read the scroll labelled HECIHAPT YXOIH, it crumbles to dust.
It is a scroll of identify.
f - 2 potions of attraction The gnoll hits you with a +0 whip!
* * * LOW HITPOINT WARNING * * *
As you read the scroll labelled BEKOQO XUBBET, it crumbles to dust.
You feel strangely unstable.
It was a scroll of teleportation.
The hound closely misses you. The gnoll hits you with a +0 whip.
* * * LOW HITPOINT WARNING * * *
The hound barely misses you.
It was a potion of resistance.
You feel protected. The hound bites you.
You die...

##...# #....#
##....#######
#..(........#
###............
...............
.......B.......
.......@h.....>
.......g.......
...............
...............
...............
...............
#........w.....
...............


You could see a hound, a gnoll, a dart slug and a giant cockroach.

Vanquished Creatures
  An adder (D:2)
  4 worms (D:2)
  A dart slug (D:2)
  2 orcs
  5 endoplasms
  A giant cockroach (D:2)
  8 goblins
  2 hobgoblins (D:3)
  7 jackals (D:2)
  3 kobolds
  3 quokkas
  4 ball pythons
  6 bats
  2 frilled lizards (D:1)
  5 rats
54 creatures vanquished.

Vanquished Creatures (others)
  4 plants (D:3)
4 creatures vanquished.

Grand Total: 58 creatures vanquished

Notes
Turn   | Place    | Note
-------+----------+-------------------------------------------
     0 | D:1      | Ijustatesigmund the Ogre Hedge Wizard began the quest for
                  | the Orb.
     0 | D:1      | Reached XP level 1. HP: 16/16 MP: 5/5
    58 | D:1      | Reached skill level 1 in Conjurations
   260 | D:1      | Reached skill level 1 in Fighting
   297 | D:1      | Reached XP level 2. HP: 27/27 MP: 0/6
  1182 | D:2      | Found Diatir's Book Shoppe.
  1184 | D:2      | Reached XP level 3. HP: 34/35 MP: 5/8
  1189 | D:2      | Learned a level 2 spell: Blink
  1231 | D:2      | Reached skill level 1 in Translocations
  2448 | D:2      | Reached XP level 4. HP: 19/44 MP: 3/9
  3832 | D:4      | Slain by a hound

Illustrated notes

Levels and vault maps discovered:
D:1:      minmay_arrival_split_and_join, layout_rooms
D:2:      layout_loops_corners, serial_shops, nicolae_shop_waterfront,
          nicolae_wormholes
D:3:      wad_woods_stonehenge, layout_rooms, ebering_ecumenical_altar_ruins,
          minmay_quadrilaterals
D:4:      layout_layer_cave, nicolae_overflow_crystal_walls,
          nicolae_qazlal_general_emergency, moated_statue,
          amcnicky_mini_pool_small, uniq_ijyb, uniq_robin, uniq_duvessa,
          uniq_blork_the_orc

Skill      XL: |  1  2  3  4 |
---------------+-------------+-----
Conjurations   | 1 2 |  2.1
Fighting       | 1 2 3 |  3.5
Translocations | 1 |  1.3
Maces & Flails | |  0.9
Dodging        | |  1.7
Stealth        | |  1.4
Spellcasting   | |  3.6
Summonings     | |  0.8

Action                   |  1- 3 |  4- 6 || total
-------------------------+-------+-------++-------
Melee: Dagger            |    26 |       ||    26
       Mace              |    74 |    60 ||   134
       Morningstar       |       |    21 ||    21
 Cast: Magic Dart        |    72 |    19 ||    91
  Use: Scroll            |       |     2 ||     2
       Potion            |       |     1 ||     1
 Stab: Sleeping          |     1 |       ||     1
Armor: Robe              |    49 |    43 ||    92
Dodge: Dodged            |    53 |    70 ||   123

Table legend: (Time is in decaauts)
 A = Elapsed time spent in this place.
 B = Non-inter-level travel time spent in this place.
 C = Inter-level travel time spent in this place.
 D = Time resting spent in this place.
 E = Time spent auto-exploring this place.
 F = Levels seen in this place.
 G = Mean time per level.
                   A        B        C        D        E       F      G
               +--------+--------+--------+--------+--------+-----+--------+
         Total |   3890 |   3844 |     46 |   1104 |   2229 |   4 |  972.5 |
       Dungeon |   3890 |   3844 |     46 |   1104 |   2229 |   4 |  972.5 |
               +--------+--------+--------+--------+--------+-----+--------+

Top non-repeatable levels by time:
     D:2: 1981 daAuts
     D:1: 1281 daAuts
     D:3: 623 daAuts
     D:4: 4 daAuts
